Map: Emerald City LE

Players

Massa

  • Race: Terran Terran
  • League: Platinum
  • Spawn Location: 11:00

qqq

  • Race: Terran Terran
  • Spawn Location: 11:00

BobJohnson - Winner!

  • Race: Zerg Zerg
  • Spawn Location: 5:00

FancyNutMix - Winner!

  • Race: Terran Terran
  • Spawn Location: 5:00

VOD

Have the link to the VOD?

Description

Time

  • Played on: Oct. 23, 2020, 3:21 p.m.
  • Length: 14:55
Show
View Real Time Build Order
Export as new Build Order

Massa Terran 

Build Orders: Gas First Reaper Expand 

Get SALT Encoding   

  12  0:04  SCV  
  13  0:16  SCV  
  14  0:27  Supply Depot  
  14  0:28  SCV  
  15  0:31  Refinery  
  15  0:48  SCV  
  15  0:49  Barracks  
  16  1:00  SCV  
  17  1:12  SCV  
  18  1:25  SCV  
  19  1:36  Reaper  
  19  1:38  Orbital Command  
  20  1:48  Command Center  
  20  2:03  Refinery  
  20  2:04  SCV  
  21  2:08  Marine  
  21  2:18  SCV  
  22  2:39  Factory  
  22  2:43  Supply Depot  
  22  2:48  Supply Depot  
  21  3:34  Factory Tech Lab  
  21  3:40  Barracks Reactor  
  21  3:45  Orbital Command  
  21  3:46  SCV  
  22  3:52  Refinery  
  22  3:53  Refinery  
  22  3:55  Engineering Bay  
  22  3:58  SCV, Armory  
  22  4:01  Command Center  
  23  4:08  Starport  
  23  4:10  SCV  
  23  4:13  SCV  
  25  4:23  SCV  
  26  4:25  SCV  
  26  4:27  Missile Turret  
  26  4:28  Marine  
  26  4:30  Marine  
  29  4:40  SCV  
  29  4:42  SCV  
  31  4:46  Marine  
  31  4:48  Marine  
  31  4:52  SCV  
  34  4:54  SCV, Medivac  
  37  5:04  SCV, Marine  
  37  5:06  SCV, Marine  
  41  5:13  Terran Infantry Weapons Level 1  
  41  5:16  Orbital Command, SCV  
  41  5:18  SCV  
  43  5:22  Barracks, Marine  
  43  5:24  Liberator  
  43  5:26  Marine  
  48  5:39  SCV x2  
  48  5:40  Marine  
  51  5:43  SCV, Missile Turret  
  51  5:49  Siege Tank  
  55  5:50  Marine  
  55  5:51  SCV x2  
  55  5:55  SCV  
  59  5:57  Marine  
  58  6:32  Barracks Tech Lab  
  58  6:38  Starport Tech Lab  
  58  6:45  Terran Vehicle Weapons Level 1  
  58  6:48  Barracks  
  58  6:51  Barracks  
  58  6:57  Command Center  
  58  7:07  Terran Infantry Armor Level 1  
  58  7:13  Marine x2  
  62  7:15  Marauder  
  62  7:17  Stimpack  
  62  7:20  Siege Tank  
  65  7:31  Marine x2  
  68  7:43  Banshee  
  68  7:48  Marauder  
  69  7:55  Supply Depot x2  
  69  7:56  Supply Depot  
  69  7:57  Supply Depot  
  69  7:58  Barracks Tech Lab  
  69  8:08  Marine x2, Siege Tank  
  69  8:09  Marauder  
  76  8:20  Supply Depot  
  76  8:23  Supply Depot  
  76  8:24  Supply Depot  
  76  8:26  Marine x2  
  81  8:27  Viking  
  81  8:31  Marauder  
  82  8:34  Combat Shield  
  82  8:41  Siege Tank  
  82  8:44  Barracks Reactor, Marine  
  82  8:48  Missile Turret  
  82  8:50  Missile Turret  
  82  8:52  Marauder  
  85  8:55  SCV  
  85  8:56  SCV x2  
  85  9:01  Medivac  
  89  9:07  SCV  
  89  9:08  SCV x2  
  92  9:11  Missile Turret  
  92  9:19  SCV  
  92  9:20  SCV x2  
  95  9:28  Planetary Fortress  
  95  9:30  Medivac  
  97  9:32  SCV x3  
  100  9:39  Missile Turret  
  100  9:44  SCV x3  
  103  9:46  Engineering Bay  
  103  9:47  Terran Infantry Armor Level 2  
  103  9:51  Cloaking Field  
  103  9:53  Concussive Shells  
  103  9:56  SCV x3  
  103  9:59  Marauder x2, Missile Turret  
  110  10:02  Marine  
  110  10:03  Marine  
  110  10:04  Marine x2  
  114  10:18  Missile Turret  
  114  10:20  Marauder, Marine  
  114  10:21  Marauder, Marine x2  
  120  10:22  Marine  
  122  10:38  Marine x2, Missile Turret  
  122  10:39  Marine x2  
  122  10:42  Marauder x2  
  130  10:59  Missile Turret  
  130  11:03  Marauder x2  
  120  11:24  Marine  
  120  11:25  Marauder x2, Marine x3  
  104  11:30  Refinery x2  
  100  11:36  SCV x3  
  103  11:42  Marine x4  
  103  11:44  Orbital Command  
  103  11:46  Marauder x2  
  111  11:48  SCV x3  
  111  11:49  Thor  
  114  11:58  Factory  
  114  12:00  SCV x3, Marine x4  
  121  12:07  Marauder x2  
  125  12:08  Factory  
  125  12:09  Factory  
  125  12:12  SCV x3  
  125  12:13  Factory  
  125  12:15  Medivac  
  130  12:17  Marine  
  130  12:18  Barracks, Marine x3  
  134  12:24  SCV x2  
  134  12:25  SCV  
  134  12:29  Marauder  
  139  12:37  Supply Depot  
  139  12:39  Refinery, Supply Depot  
  139  12:41  Refinery, Supply Depot  
  139  12:44  Marauder, Supply Depot  
  139  12:46  Supply Depot  
  139  12:49  Marine  
  140  12:59  Medivac, Thor  
  140  13:03  Factory Tech Lab x4  
  140  13:05  Marine, Supply Depot x2  
  149  13:08  Barracks Tech Lab  
  149  13:09  Supply Depot x2  
  149  13:15  SCV  
  149  13:16  SCV x3  
  153  13:26  Armory  
  153  13:27  SCV  
  153  13:28  SCV x3  
  153  13:29  Medivac  
  159  13:39  SCV  
  163  14:24  Marauder x2, Marine  
  163  14:25  Marine x2  
  163  14:26  Marine  
  151  14:41  Command Center  
Show
View Real Time Build Order
Export as new Build Order

qqq Terran 

Build Orders: Reaper Expand 

Get SALT Encoding   

  12  0:01  SCV  
  13  0:22  SCV, Supply Depot  
  14  0:35  SCV  
  15  0:37  Refinery  
  15  0:47  SCV  
  15  0:49  Barracks  
  16  0:59  SCV  
  18  1:11  SCV  
  18  1:23  SCV  
  19  1:39  Reaper, Command Center  
  20  1:47  Supply Depot  
  21  1:58  Orbital Command  
  20  2:05  Refinery  
  20  2:17  Factory  
  20  2:21  Reaper  
  21  2:33  SCV  
  22  2:45  SCV  
  23  2:53  Reaper  
  23  2:57  SCV  
  25  3:02  Factory Reactor  
  25  3:06  SCV  
  25  3:09  SCV  
  27  3:18  Refinery, SCV  
  28  3:21  SCV  
  28  3:26  Armory  
  28  3:30  SCV  
  28  3:33  SCV  
  30  3:42  SCV  
  30  3:43  Widow Mine x2  
  30  3:45  SCV  
  36  3:54  SCV, Supply Depot  
  37  3:58  SCV  
  38  4:04  Widow Mine x2  
  42  4:10  SCV  
  43  4:20  Orbital Command  
  43  4:25  Command Center  
  43  4:26  Widow Mine x2  
  43  4:29  Starport  
  47  4:47  Widow Mine x2  
  51  4:58  Factory  
  51  5:04  Refinery, Terran Vehicle Weapons Level 1  
  51  5:08  Widow Mine  
  51  5:38  Widow Mine x2  
  55  5:43  Factory Reactor  
  55  5:49  SCV x2  
  57  5:51  SCV  
  57  5:54  Fusion Core  
  58  5:59  Widow Mine x2  
  58  6:01  SCV x2  
  58  6:02  Engineering Bay  
  58  6:03  SCV  
  65  6:13  SCV  
  65  6:14  SCV  
  65  6:17  Starport Tech Lab  
  67  6:19  Starport  
  67  6:21  Widow Mine  
  69  6:30  SCV x2  
  69  6:33  Supply Depot  
  69  6:39  Planetary Fortress  
  69  6:51  Widow Mine  
  69  6:54  Widow Mine  
  69  6:57  Supply Depot  
  69  6:59  Terran Vehicle And Ship Armor Level 1  
  67  7:12  Widow Mine  
  69  7:17  SCV  
  69  7:18  SCV x2  
  69  7:19  Supply Depot  
  72  7:23  Battlecruiser  
  72  7:26  Starport Tech Lab  
  72  7:29  SCV  
  79  7:30  SCV x2  
  79  7:31  Starport  
  79  7:32  Weapon Refit  
  81  7:41  SCV  
  81  7:42  SCV x2  
  83  7:44  Supply Depot  
  80  7:53  SCV, Missile Turret  
  80  7:54  SCV x2  
  82  8:05  Widow Mine x4, SCV  
  83  8:06  SCV  
  81  8:15  Battlecruiser  
  86  8:43  Command Center  
  84  9:09  Battlecruiser  
  90  9:19  Battlecruiser  
  96  9:36  SCV  
  97  9:48  SCV  
  98  9:53  Refinery, Supply Depot  
  98  10:00  SCV  
  98  10:01  Command Center  
  99  10:07  Starport Tech Lab  
  99  10:12  SCV  
  99  10:13  Command Center, Battlecruiser  
  106  10:17  Supply Depot  
  106  10:23  Battlecruiser  
  106  10:24  SCV  
  107  10:39  Supply Depot  
  107  10:42  Battlecruiser  
  112  10:43  Starport  
  112  10:47  SCV  
  112  10:48  SCV  
  114  11:00  SCV x2  
  114  11:03  Supply Depot  
  115  11:12  SCV x2  
  117  11:24  SCV  
  118  11:27  Supply Depot  
  118  11:42  Battlecruiser x2  
  130  11:59  SCV  
  127  12:05  Refinery  
  127  12:08  Starport Reactor  
  127  12:09  Terran Vehicle Weapons Level 2  
  127  12:11  SCV  
  128  12:17  SCV  
  128  12:20  Refinery  
  128  12:22  Refinery  
  128  12:23  SCV  
  128  12:29  SCV  
  130  12:35  SCV  
  124  12:41  SCV  
  105  12:45  Battlecruiser  
  105  12:46  Viking x2  
  105  12:47  SCV  
  116  12:53  SCV  
  117  12:59  SCV  
  117  13:05  SCV  
  115  13:16  Battlecruiser  
  121  13:33  Command Center  
  121  13:37  Missile Turret  
Show
View Real Time Build Order
Export as new Build Order

BobJohnson Zerg - Winner!

Build Orders: Hatch First, Roach Hydra 

Get SALT Encoding   

  12  0:01  Drone  
  13  0:08  Drone  
  14  0:18  Overlord  
  14  0:37  Drone x3  
  17  1:00  Drone x2  
  19  1:05  Hatchery  
  18  1:15  Spawning Pool  
  17  1:19  Drone  
  18  1:26  Drone  
  19  1:47  Hatchery  
  18  1:50  Drone  
  18  1:51  Drone  
  20  1:59  Drone  
  21  2:07  Overlord  
  21  2:16  Queen  
  23  2:24  Drone x2  
  25  2:33  Zergling x2  
  25  2:34  Zergling x2  
  27  2:41  Zergling x4  
  29  2:58  Queen  
  29  2:59  Queen  
  33  3:21  Drone  
  33  3:22  Drone x8  
  42  3:33  Extractor  
  41  3:34  Extractor  
  41  3:37  Roach Warren  
  41  3:41  Drone x3  
  42  3:51  Overlord x3  
  42  4:03  Overlord  
  42  4:09  Queen x2  
  46  4:10  Drone  
  46  4:11  Drone x4, Spore Crawler  
  50  4:18  Drone x3  
  50  4:19  Drone  
  54  4:26  Spore Crawler  
  54  4:27  Zergling x2  
  54  4:28  Roach  
  56  4:33  Roach x2  
  60  4:42  Lair  
  60  4:46  Spore Crawler  
  60  4:47  Spine Crawler  
  58  4:56  Drone, Roach x2  
  58  4:57  Extractor, Roach  
  58  4:59  Drone x2  
  67  5:00  Drone  
  67  5:09  Spine Crawler  
  61  5:32  Drone x4  
  61  5:33  Drone x9  
  74  5:46  Overlord x3  
  74  5:50  Glial Reconstitution  
  74  5:52  Hatchery  
  74  5:56  Hydralisk Den  
  72  5:57  Pneumatized Carapace  
  72  5:59  Overseer  
  72  6:03  Extractor  
  71  6:10  Zergling x4  
  71  6:11  Zergling x18  
  79  6:28  Roach  
  79  6:29  Roach x8  
  97  6:36  Drone  
  98  6:43  Metabolic Boost  
  98  6:48  Overlord x2  
  98  6:49  Overlord x2  
  98  6:51  Extractor  
  98  6:52  Extractor  
  93  7:06  Drone  
  93  7:07  Drone x12  
  106  7:20  Drone x3  
  109  7:28  Queen  
  111  7:30  Grooved Spines  
  111  7:36  Evolution Chamber x2  
  109  7:40  Lurker Den  
  109  7:43  Overseer  
  104  8:09  Drone x3  
  104  8:10  Drone x12  
  119  8:14  Extractor  
  119  8:15  Extractor  
  117  8:23  Drone  
  117  8:24  Drone x18  
  136  8:29  Overseer  
  133  8:41  Muscular Augments  
  130  8:52  Hydralisk  
  130  8:53  Hydralisk x2  
  130  8:54  Overlord  
  130  8:55  Overlord x3  
  136  9:03  Zerg Missile Weapons Level 1, Zerg Ground Armor Level 1  
  136  9:04  Spire  
  136  9:05  Spore Crawler  
  136  9:07  Drone  
  136  9:08  Spore Crawler  
  136  9:09  Spore Crawler, Overseer  
  133  9:10  Hydralisk x2, Overseer x2, Spore Crawler x3  
  133  9:11  Hydralisk  
  136  9:18  Hydralisk  
  136  9:19  Hydralisk x2  
  142  9:28  Hydralisk x3  
  148  9:32  Queen x4  
  148  9:36  Spore Crawler  
  148  9:37  Drone x3, Spore Crawler  
  148  9:38  Drone x6, Spore Crawler  
  162  9:46  Overlord x4  
  162  9:47  Overlord  
  162  10:04  Hydralisk x3  
  162  10:05  Hydralisk x11  
  182  10:30  Hydralisk x9  
  198  10:42  Zerg Flyer Weapons Level 1  
  198  10:58  Roach  
  200  11:09  Overlord  
  200  11:10  Overlord x3  
  176  11:30  Corruptor  
  176  11:31  Corruptor x9  
  194  11:35  Queen x3  
  192  11:55  Hydralisk  
  192  11:56  Hydralisk x3  
  192  11:57  Hydralisk  
  184  12:38  Overseer x4  
  184  12:41  Hydralisk  
  184  12:42  Hydralisk x11  
  188  12:53  Hatchery  
  188  12:54  Zergling x10  
  188  12:55  Zergling x24  
  198  13:03  Lurker x2  
  200  13:17  Overseer  
  200  13:18  Overlord x4  
  200  13:29  Infestation Pit  
  189  14:29  Zergling x16  
  189  14:30  Zergling x10  
Show
View Real Time Build Order
Export as new Build Order

FancyNutMix Terran - Winner!

Build Orders: Reaper Expand 

Get SALT Encoding   

  12  0:00  SCV  
  13  0:12  SCV  
  14  0:18  Supply Depot  
  14  0:24  SCV  
  15  0:36  Refinery  
  15  0:39  SCV  
  16  0:47  Barracks  
  16  0:51  SCV  
  17  1:07  SCV  
  18  1:22  SCV  
  19  1:35  Reaper  
  19  1:37  Command Center  
  20  1:45  Orbital Command  
  20  2:27  Factory  
  20  2:28  Refinery  
  20  2:34  Reaper  
  21  2:47  Command Center  
  21  2:48  Orbital Command  
  19  3:06  Reaper  
  20  3:30  SCV x2  
  21  3:42  SCV x2  
  23  3:54  SCV  
  23  3:55  SCV, Factory Tech Lab  
  25  3:56  Barracks Reactor  
  25  3:57  Starport  
  25  4:00  Orbital Command  
  25  4:04  Bunker  
  25  4:06  SCV  
  25  4:07  SCV  
  27  4:19  SCV x2  
  29  4:27  SCV  
  29  4:31  SCV x2  
  31  4:39  SCV  
  31  4:43  SCV x2  
  33  4:46  Marine  
  33  4:48  Cyclone  
  33  4:51  SCV  
  38  4:53  Fusion Core  
  38  4:55  SCV x2, Starport Tech Lab  
  38  4:57  Starport  
  40  5:00  Marine  
  40  5:03  SCV  
  42  5:07  SCV x2  
  42  5:14  Refinery x2  
  44  5:15  SCV  
  44  5:19  SCV x2  
  47  5:27  SCV  
  48  5:31  SCV x2  
  48  5:32  Raven  
  48  5:34  Engineering Bay  
  48  5:35  Starport Tech Lab  
  52  5:39  SCV  
  53  5:44  Refinery x2  
  53  5:47  Engineering Bay, Supply Depot  
  53  5:50  Supply Depot  
  53  5:56  Starport  
  53  6:03  Supply Depot x2  
  53  6:04  Supply Depot  
  53  6:07  SCV  
  53  6:08  SCV  
  53  6:09  Liberator  
  53  6:11  Orbital Command  
  55  6:19  SCV  
  55  6:20  SCV  
  57  6:32  SCV x2  
  59  6:36  Starport Tech Lab  
  59  6:38  Battlecruiser  
  65  6:41  SCV  
  65  6:44  SCV x2  
  68  6:51  Liberator  
  68  6:53  SCV  
  72  6:56  SCV x2  
  74  7:04  Liberator  
  74  7:05  SCV  
  78  7:08  SCV, Missile Turret  
  78  7:12  Missile Turret  
  79  7:20  SCV x3  
  79  7:21  Missile Turret  
  82  7:32  SCV x3  
  82  7:34  Liberator  
  84  7:44  SCV x2  
  84  7:45  SCV  
  87  7:56  Battlecruiser  
  93  7:59  Supply Depot  
  93  8:00  Supply Depot  
  93  8:03  Supply Depot  
  93  8:05  Supply Depot  
  93  8:07  Advanced Ballistics  
  93  8:11  Supply Depot x2  
  93  8:12  Supply Depot  
  93  8:21  SCV x2, Battlecruiser  
  93  8:22  SCV  
  99  8:33  SCV x2  
  102  8:34  SCV  
  102  8:41  Battlecruiser  
  102  8:45  SCV  
  109  9:00  Battlecruiser  
  106  9:25  Liberator  
  106  9:27  SCV x3  
  112  9:31  Missile Turret  
  112  9:39  SCV x3, Missile Turret  
  112  9:41  Missile Turret  
  112  9:44  Command Center  
  115  9:45  Viking  
  115  9:47  Missile Turret  
  115  9:49  Missile Turret x3  
  115  9:51  SCV x3  
  117  10:03  SCV  
  117  10:04  Battlecruiser  
  117  10:05  SCV x2  
  126  10:07  Factory  
  126  10:08  Factory, Liberator  
  129  10:16  Battlecruiser  
  135  10:33  SCV  
  135  10:34  SCV x2  
  138  10:39  Refinery  
  138  10:40  Refinery  
  138  10:45  Starport, SCV  
  138  10:47  SCV  
  138  10:48  Starport, Command Center  
  138  10:49  Refinery  
  140  10:51  Battlecruiser  
  140  10:52  Refinery  
  133  11:08  Liberator  
  135  11:28  Starport Tech Lab x2  
  135  11:29  Factory Tech Lab x2  
  135  11:33  Battlecruiser  
  135  11:39  Orbital Command  
  141  11:45  SCV x2  
  142  11:51  Battlecruiser  
  148  11:57  SCV x2  
  148  11:58  Liberator x2  
  156  12:05  Supply Depot  
  156  12:07  Supply Depot  
  156  12:09  Supply Depot  
  156  12:18  Supply Depot  
  156  12:19  Supply Depot x2  
  156  12:20  Supply Depot  
  156  12:23  Refinery, SCV, Liberator, Siege Tank  
  156  12:24  Siege Tank  
  166  12:33  Weapon Refit, Armory x2  
  166  12:45  Missile Turret  
  166  12:46  Missile Turret  
  166  12:47  Missile Turret  
  166  12:51  Missile Turret  
  166  12:52  Planetary Fortress, Missile Turret  
  166  12:53  Missile Turret  
  151  13:43  Liberator x2, Viking x2, Battlecruiser  
  165  13:56  Missile Turret  
Tags
 
Add a new tag
Caveats
  • Supply blocks, unpowered buildings, or Contaminate may cause inaccurate times.
  • Supply counts are checked every 10 seconds.